 Dungeon Crawl Stone Soup version 0.32-a0-876-gcfddb08e57 (webtiles) character file.

Game seed: 9536983249377640886

212982 RBrandon the Bludgeoner (level 18, 0/136 HPs)
             Began as a Coglin Gladiator on Mar 31, 2024.
             Was a High Priest of Beogh.
             Slain by a salamander
             ... wielding a +1 halberd of protection
              (11 damage)
             ... on level 4 of the Snake Pit on Apr 1, 2024.
             The game lasted 01:28:48 (33906 turns).

RBrandon the Bludgeoner (Coglin Gladiator)         Turns: 33906, Time: 01:28:49

Health: 0/136      AC: 32    Str: 19    XL:     18   Next: 94%
Magic:  24/24      EV: 14    Int:  8    God:    Beogh [*****.]
Gold:   1769       SH:  0    Dex: 19    Spells: 14/26 levels left

rFire   . . .        Z - +2 demon whip (spect) {Ikko}
rCold   + . .        a - +9 eveningstar (chaos) {Lech}
rNeg    . . .        j - +6 storm dragon scales
rPois   +            c - +0 helmet
rElec   +            x - +0 cloak {rPois}
rCorr   .            i - +1 pair of gloves {hurl}
SInv    .            A - +2 pair of boots {Fly}
Will    +....        (amulet unavailable) Stlth
                     (ring unavailable)
HPRegen 0.42/turn    (ring unavailable)
MPRegen 0.19/turn    T - tuning ramjet {RevParry, rC+ Slay+3}

%: no passive effects
@: flying, studying 2 skills
A: walk on water, off-hand wielding, slow wielding, warmup strikes, no jewellery
}: 1/15 runes: barnacled
a: Renounce Religion, Smiting, Recall Apostles, Blood for Blood, Dismiss Arbolt,
wizard, Dismiss Ortolf, warrior, Dismiss Worak, priest


You were on level 4 of the Snake Pit.
You worshipped Beogh.
Beogh was extremely pleased with you.
You visited 5 branches of the dungeon, and saw 30 of its levels.
You also visited: Ice Cave.

You collected 2445 gold pieces.
You spent 676 gold pieces at shops.

Inventory:

Hand Weapons
 a - a +9 eveningstar of chaos (offhand) {Lech}
   (You acquired it on level 3 of the Shoals)
 t - the +6 mace of the Empty Page {heavy, rF++ Will+ SInv}
   (You found it on level 2 of the Dungeon)

   rF++:      It greatly protects you from fire.
   Will+:     It increases your willpower.
   SInv:      It lets you see invisible.
 w - a +1 heavy morningstar {Appius}
   (You bought it in a shop on level 2 of the Dungeon)
 Z - a +2 spectral demon whip (weapon) {Ikko}
   (You found it on level 1 of the Snake Pit)
Missiles
 d - 7 throwing nets (quivered)
 e - 6 javelins
 f - 2 silver javelins
Armour
 c - a +0 helmet (worn)
 i - a +1 pair of gloves of hurling (worn)
   (You took it off Nikola on level 1 of the Snake Pit)
 j - +6 storm dragon scales (worn)
 x - a +0 cloak of poison resistance (worn)
   (You found it on level 3 of the Dungeon)
 z - the +4 robe of Augmentation {Str+4 Int+4 Dex+4}
   (You found it on level 4 of the Dungeon)

   Str+4:     It affects your strength (+4).
   Int+4:     It affects your intelligence (+4).
   Dex+4:     It affects your dexterity (+4).
 A - a +2 pair of boots of flying (worn)
   (You found it on level 4 of the Dungeon)
 X - a scarf of resistance
   (You found it in an ice cave)
Magical Staves
 l - the staff of Rexuum {rF+ Int+6 Fire}
   (You found it on level 4 of the Lair of Beasts)

   [staff of fire]

   Base accuracy: +5 Base damage: 5 Base attack delay: 1.2 This weapon's minimum
   attack delay (0.6) is reached at skill level 12.
   Int+6:     It affects your intelligence (+6).
   rF+:       It protects you from fire.
   Fire:      It increases the power of your Fire spells.
   It falls into the 'Staves' category.
   It is a one-graspered weapon.
Gizmo
 T - a tuning ramjet (installed) {RevParry, rC+ Slay+3}
   (You invented it yourself on level 5 of the Lair of Beasts)

   [tuning ramjet]

   RevParry:  Your AC increases as you Rev (up to +5) and while fully Revved,
   your attacks may disarm enemies.
   Slay+3:    It affects your accuracy & damage with ranged weapons and melee
   (+3).
   rC+:       It protects you from cold.
Wands
 K - a wand of flame (46)
 O - a wand of charming (14)
 P - a wand of light (14)
 S - a wand of mindburst (22)
 V - a wand of digging (3)
 W - a wand of polymorph (8)
Scrolls
 h - a scroll of poison
 m - 3 scrolls of fog
 n - 3 scrolls of brand weapon
 o - 3 scrolls of torment
 p - 5 scrolls of blinking
 y - 4 scrolls of amnesia
 C - 2 scrolls of butterflies
 F - 7 scrolls of vulnerability
 G - 2 scrolls of fear
 I - 5 scrolls of immolation
 J - 2 scrolls of silence
 L - a scroll of revelation
 M - 9 scrolls of teleportation
 N - 7 scrolls of noise
 U - 3 scrolls of identify
Potions
 b - a potion of brilliance
 g - 5 potions of degeneration
 k - 3 potions of enlightenment
 q - a potion of berserk rage
 r - 5 potions of mutation
 s - 12 potions of curing
 B - a potion of heal wounds
 D - 3 potions of haste
 E - 3 potions of might
 H - 2 potions of lignification
 R - a potion of attraction
 Y - 2 potions of magic


   Skills:
 - Level 10.9 Fighting
 - Level 3.8 Long Blades
 - Level 16.0 Maces & Flails
 - Level 2.1 Throwing
 + Level 15.4 Armour
 + Level 13.1 Dodging
 - Level 4.5 Spellcasting
 - Level 10.9 Translocations
 - Level 7.0 Invocations
 - Level 11.0 Evocations


You had 14 spell levels left.
You knew the following spells:

 Your Spells              Type           Power      Damage    Failure   Level
a - Blink                 Tloc           38%        N/A       2%          2
b - Lesser Beckoning      Tloc           38%        N/A       2%          2
c - Maxwell's Portable P  Tloc           19%        2d(8-15)  17%         4
d - Vhi's Electric Charg  Tloc/Air       20%        N/A       86%         4

Your spell library contained the following spells:

 Spells                   Type           Power      Damage    Failure   Level
 Teleport Other           Tloc           19%        N/A       5%          3
 Momentum Strike          Conj/Tloc      20%        3d8       26%         2
 Volatile Blastmotes      Fire/Tloc      20%        2d11      45%         3
 Magic Dart               Conj           4%         1d3       85%         1
 Necrotise                Necr           4%         1d4       85%         1
 Sandblast                Erth           2%         2d4       85%         1
 Slow                     Hex            4%         N/A       85%         1
 Iskenderun's Mystic Bla Conj/Tloc 10%            2d4        (+2d2     86%         4
 Cigotuvi's Dreadful Rot  Necr/Alch/Air  2%         N/A       94%         2
 Ensorcelled Hibernation  Hex/Ice        2%         N/A       94%         2
 Searing Ray              Conj           2%         2d4       94%         2
 Dispersal                Tloc           9%         N/A       95%         6
 Gell's Gavotte           Tloc           9%         2d(15-23) 95%         6
 Confusing Touch          Hex            1%         N/A       99%         3
 Mephitic Cloud           Conj/Alch/Air  1%         N/A       99%         3
 Passwall                 Erth           1%         N/A       99%         3
 Sigil of Binding         Hex            1%         N/A       99%         3
 Stone Arrow              Conj/Erth      2%         3d7       99%         3
 Swiftness                Air            1%         N/A       99%         3
 Vampiric Draining        Necr           1%         2d6       99%         3
 Anguish                  Hex/Necr       0%         N/A       100%        4
 Animate Dead             Necr           1%         N/A       100%        4
 Brom's Barrelling Bould  Conj/Erth      1%         2d3       100%        4
 Cause Fear               Hex            0%         N/A       100%        4
 Fulminant Prism          Conj/Alch      0%         3d5       100%        4
 Martyr's Knell           Necr/Summ      1%         N/A       100%        4
 Curse of Agony           Necr           1%         N/A       100%        5
 Fireball                 Conj/Fire      0%         3d3       100%        5
 Freezing Cloud           Conj/Ice/Air   0%         6-21      100%        5
 Bombard                  Conj/Erth      0%         9d1       100%        6
 Death Channel            Necr           0%         N/A       100%        6
 Sculpt Simulacrum        Ice/Alch       0%         N/A       100%        6
 Enfeeble                 Hex            0%         N/A       100%        7
 Haunt                    Necr/Summ      0%         N/A       100%        7
 Manifold Assault         Tloc           9%         N/A       100%        7
 Disjunction              Tloc           9%         N/A       100%        8
 Infestation              Necr           0%         N/A       100%        8
 Dragon's Call            Summ           0%         N/A       100%        9
 Shatter                  Erth           0%         3d5*      100%        9


Dungeon Overview and Level Annotations

Branches:
Dungeon (15/15)            Temple (0/1) D:7            Lair (5/5) D:10
 Shoals (4/4) Lair:2        Snake (4/4) Lair:2        Slime (0/5) Lair:5
    Orc (2/2) D:9             Elf (0/3) Orc:2        Vaults (0/5) D:14
 Depths (0/4) D:15          IceCv (visited)

Altars:
Ashenzari
Elyvilon
Fedhas
Nemelex Xobeh
Ru
Sif Muna
Vehumet
Wu Jian
Xom
Beogh

Shops:
D:1 (   D:2 :(!((   D:4 :   D:5 *   Orc:2 ((:?   Shoals:3 !=!:

Portals:
Abyss: Snake:1

Annotations:
D:7 1 runed translucent door, Crazy Yiuf, Jeremiah
Lair:2 3 runed translucent doors, TheSexyCheese's ghost, journeyman OpFE
Shoals:3 2 transporters
Shoals:4 2 transporters, Palms's ghost, adept GnEE
Snake:1 2 transporters, Chish's ghost, adept HuIE


Innate Abilities, Weirdness & Mutations

You can walk on water.
Your facial features are unmistakably orcish.
You can wield a second weapon in your off-hand.
It takes a long time for you to wield or remove held weapons.
Your first few attacks do less damage.
You cannot equip rings or amulets.


Message History

The naga sharpshooter is lightly wounded.
You closely miss the naga sharpshooter with your +9 eveningstar of chaos.
Your +2 spectral demon whip {Ikko} hits the naga sharpshooter.
Your +2 spectral demon whip {Ikko} disappears.
The naga sharpshooter mumbles some strange words.
The naga sharpshooter magically shoots a bolt.
The bolt barely misses you.
Your salamander hits the naga sharpshooter with a +4 glaive!
The naga sharpshooter is engulfed in flames!
The salamander misses you.
A naga warrior comes into view. It is wielding a +0 dire flail.
The naga warrior shouts!
You hear a shout!
The naga sharpshooter shoots a bolt.
The bolt misses you.
The naga warrior roars a battlecry!
Your salamander barely misses the naga sharpshooter.
A salamander comes into view. It is wielding a +0 trident.
You hear a shout!
Your salamander is no longer blind.
The salamander attacks as it pursues you!
The salamander hits you from afar with a +1 halberd of protection!
* * * LOW HITPOINT WARNING * * *
You are engulfed in flames!
* * * LOW HITPOINT WARNING * * *
The naga warrior spits poison at you. The splash of poison misses you.
The salamander hits you but does no damage.
You are no longer firmly anchored in space.
The salamander attacks as it pursues you!
The salamander hits you but does no damage.
Your salamander hits the naga sharpshooter with a +4 glaive!
The naga sharpshooter is engulfed in flames!
The naga sharpshooter mumbles some strange words.
The naga sharpshooter magically shoots a bolt.
The bolt hits you but does no damage.
A salamander comes into view.
There is a stone staircase leading up here.
The salamander hits you from afar with a +1 halberd of protection!
* * * LOW HITPOINT WARNING * * *
You are engulfed in flames!
You die...

.#..... #....#.... ...N...
#....##... ....... #....###..
...... #<........
..##...############....#####
.<....[.....................
.....$N..............#######
.....N[N..................##
.........#.[@.N......###.....
..........#..[...N............
..........#......NN...........
.....#...#########N..########.
...........†NNN)N..### #.
≈§§....##.....N####### #.
≈§≈....#.####.......## ###.
≈§§≈≈≈.NN...########..#####...
..≈§≈≈.N#)#.# ##.......##


You could see a naga warrior, a naga sharpshooter, a salamander mystic, 4
salamanders and a friendly salamander (charmed, target of vengeance).

Vanquished Creatures
  Bai Suzhen (Snake:4)
  Nikola (Snake:1)
  Rupert (Snake:1)
  Polyphemus (Shoals:4)
  2 krakens (Shoals:1)
  3 nagarajas
  Aizul (Snake:1)
  A frost giant (Shoals:4)
  A ghost moth (Snake:3)
  A stone giant (D:15)
  A formless jellyfish (Shoals:4)
  4 dire elephants (Lair:5)
  Azrael (D:13)
  4 merfolk impalers
  Josephine (D:14)
  A vault guard (D:14)
  A salamander tyrant (Snake:2)
  Harold (Lair:1)
  An ice dragon (IceCv)
  2 hydras
  2 anacondas
  A death knight (D:15)
  4 alligator snapping turtles
  A catoblepas (Shoals:4)
  2 boulder beetles
  3 merfolk aquamancers
  2 tengu warriors
  3 centaur warriors
  3 two-headed ogres
  6 death yaks
  2 orc high priests
  7 naga warriors
  9 naga sharpshooters
  4 shock serpents
  2 skysharks (Shoals:2)
  4 salamander mystics
  10 sea snakes
  A skeletal warrior (D:15)
  A spectral anaconda (Lair:5)
  10 mana vipers
  6 naga ritualists
  An obsidian statue (Lair:5)
  15 harpies
  4 necromancers (Lair:5)
  An orc knight (Orc:2)
  2 deep elf pyromancers
  14 ugly things (D:15)
  9 cyclopes
  11 manticores
  13 salamanders
  An oklob plant (Lair:3)
  9 fauns
  2 kobold blastminers (Orc:2)
  10 merfolk sirens
  A dire elephant zombie (Lair:5)
  29 black mambas
  10 elephants
  7 water nymphs
  2 ice statues (IceCv)
  14 naga magi
  3 guardian serpents
  An orange demon (D:14)
  A gargoyle (D:10)
  7 cane toads
  A dire elephant skeleton (Lair:5)
  An efreet (D:15)
  3 kobold demonologists
  5 komodo dragons
  2 tengu conjurers
  7 rime drakes
  7 trolls
  3 hornets
  A polar bear (Lair:1)
  20 merfolk
  A spectral elephant (Lair:5)
  3 wind drakes
  2 dream sheep
  4 snapping turtles
  10 blink frogs
  2 shadows
  7 slime creatures
  3 wraiths (D:14)
  31 yaks
  3 wyverns
  A vampire (D:12)
  3 water elementals
  A wyvern (shapeshifter) (D:13)
  A fire elemental (D:13)
  A steam dragon (D:9)
  2 wargs
  A basilisk (Lair:3)
  A death yak simulacrum (Lair:5)
  2 spectral cane toads (Lair:5)
  25 nagas
  2 acid dragons
  A hell hound (D:13)
  13 water moccasins
  3 ice beasts (D:6)
  19 orc warriors
  An elephant zombie (Lair:5)
  4 sky beasts
  2 boggarts (D:14)
  5 wolves (Lair:1)
  20 centaurs
  An elephant skeleton (Lair:5)
  4 ogres
  2 phantoms
  3 kobold brigands (D:12)
  14 bullfrogs
  A gnoll sergeant (D:7)
  4 scorpions
  A cane toad simulacrum (Lair:5)
  3 wights (D:6)
  3 elephant simulacra (Lair:5)
  5 lindwurm simulacra (IceCv)
  An electric eel (D:10)
  4 howler monkeys
  2 lava snakes (Lair:2)
  2 hounds (D:6)
  5 komodo dragon simulacra (IceCv)
  A gnoll bouda (D:7)
  6 orc priests
  An iguana (D:5)
  Natasha (thrice) (D:2)
  12 orc wizards
  2 sleepcaps
  4 hell rats
  6 gnolls
  5 acid dragon simulacra (IceCv)
  9 adders
  2 white imps
  2 ufetubi (D:4)
  4 steam dragon simulacra (IceCv)
  A ribbon worm (D:3)
  A dart slug (D:1)
  24 orcs
  10 ball pythons
  5 endoplasms
  2 giant cockroaches
  3 goblins
  6 hobgoblins
  5 quokkas
  4 bats
  A frilled lizard (D:2)
  9 kobolds
  3 rats (D:1)
  2 tentacles (Shoals:1)
692 creatures vanquished.

Vanquished Creatures (collateral kills)
  Mlioglotl (Snake:3)
  A nagaraja (Snake:3)
  Ilsuiw (Shoals:2)
  3 slime creatures (D:14)
  2 merfolk javelineers
  3 merfolk impalers (Shoals:4)
  An entropy weaver (D:14)
  A hydra (Lair:5)
  5 anacondas
  2 centaur warriors
  A boulder beetle (Lair:4)
  A merfolk avatar (Shoals:2)
  An ogre mage (D:15)
  3 tengu warriors
  2 two-headed ogres (D:15)
  An alligator snapping turtle (Shoals:2)
  2 naga warriors
  3 naga sharpshooters (Snake:3)
  2 skysharks
  A salamander mystic (Snake:3)
  A skeletal warrior (D:15)
  4 sea snakes
  6 ugly things (D:15)
  3 harpies
  2 salamanders
  2 cyclopes
  4 fauns (Shoals:2)
  4 manticores
  3 merfolk sirens
  An elephant (Lair:5)
  2 water nymphs (Shoals:4)
  2 naga magi
  5 black mambas
  2 rime drakes
  A hellwing (D:14)
  5 merfolk
  4 wind drakes
  2 blink frogs (Lair:3)
  A snapping turtle (Shoals:2)
  3 dream sheep (Shoals:3)
  2 wraiths
  A dire elephant simulacrum (Lair:5)
  A basilisk (D:15)
  2 water elementals (Shoals:3)
  2 yaks
  A death yak simulacrum (Lair:5)
  A spectral cane toad (Lair:5)
  4 nagas
  4 hell hounds (D:13)
  An acid dragon (D:12)
  A black bear (Lair:3)
  An elephant zombie (Lair:5)
  An orc warrior (Snake:1)
  3 boggarts (D:14)
  3 ogres (D:15)
  2 centaurs (D:11)
  An elephant skeleton (Lair:5)
  2 hell rats (Lair:2)
  2 steam dragon simulacra (IceCv)
  4 kobolds (D:12)
  2 butterflies (Lair:4)
  2 foxfires
137 creatures vanquished.

Vanquished Creatures (others)
  Asterion (Snake:1)
  A merfolk javelineer (Shoals:4)
  An orc high priest (Snake:3)
  A skeletal warrior (D:15)
  18 orc apostles
  2 orc knights
  A salamander (Snake:4)
  An elephant (Lair:5)
  A dream sheep (Shoals:4)
  A spectral cane toad (Lair:5)
  A naga (Snake:2)
  4 orc priests
  11 orcs
  194 foxfires
  4 spectral weapons
  21 tentacles (Shoals:1)
263 creatures vanquished.

Grand Total: 1092 creatures vanquished

Notes
Turn   | Place    | Note
-------+----------+-------------------------------------------
     0 | D:1      | RBrandon the Coglin Gladiator began the quest for the Orb.
     0 | D:1      | Reached XP level 1. HP: 16/16 MP: 1/1
   234 | D:1      | Found Poon Eti's Antique Weapon Boutique.
   343 | D:1      | Found a faded altar of an unknown god.
   430 | D:1      | Reached XP level 2. HP: 22/22 MP: 2/2
   704 | D:2      | Found Ugosos's Distillery.
   718 | D:2      | Bought a potion of curing for 33 gold pieces
   732 | D:2      | Found Carhoded's Weapon Emporium.
   799 | D:2      | Found Gicwaic's Antique Weapon Shoppe.
   826 | D:2      | Reached XP level 3. HP: 19/28 MP: 3/3
   925 | D:2      | You fall into a shaft and drop 1 floor!
  1150 | D:2      | Identified the +6 mace of the Empty Page {heavy, rF++ Will+
                  | SInv}
  1202 | D:2      | Reached XP level 4. HP: 34/34 MP: 4/4
  1248 | D:2      | Found Uqaotwut's Weapon Shoppe.
  1248 | D:2      | Noticed Natasha
  1254 | D:2      | Killed Natasha
  1255 | D:2      | Reached skill level 1 in Armour
  1438 | D:2      | Found Xocoryqa's Book Shop.
  1533 | D:2      | Noticed Natasha
  1537 | D:2      | Killed Natasha
  1538 | D:2      | Reached XP level 5. HP: 36/41 MP: 5/5
  1553 | D:2      | Noticed Natasha
  1558 | D:2      | Killed Natasha
  1594 | D:2      | Bought a glowing morningstar for 140 gold pieces
  2039 | D:4      | Found the +4 robe of Augmentation {Str+4 Int+4 Dex+4}
  2276 | D:4      | Reached skill level 2 in Maces & Flails
  2368 | D:4      | Found Caec's Book Shop.
  2408 | D:4      | Found a white marble altar of Elyvilon.
  2518 | D:4      | Reached XP level 6. HP: 47/47 MP: 6/6
  2731 | D:4      | Reached skill level 3 in Maces & Flails
  2857 | D:5      | Entered Level 5 of the Dungeon
  2915 | D:5      | Found Zuc Okecla's Assorted Antiques.
  2924 | D:5      | Reached skill level 4 in Maces & Flails
  2974 | D:5      | Reached XP level 7. HP: 52/52 MP: 7/7
  3036 | D:5      | Found a sparkling altar of Nemelex Xobeh.
  3562 | D:6      | Identified the +0 robe "Ovonubry" {^Drain Str-5 Dex+2
                  | Slay+5}
  3639 | D:6      | Reached skill level 5 in Maces & Flails
  3771 | D:6      | Noticed a wyvern
  3780 | D:6      | Killed a wyvern
  3781 | D:6      | Reached skill level 6 in Maces & Flails
  3781 | D:6      | Reached XP level 8. HP: 26/58 MP: 8/8
  3896 | D:6      | Found Ufubb's Gadget Gallery.
  4072 | D:6      | Reached skill level 7 in Maces & Flails
  4223 | D:6      | Reached skill level 5 in Armour
  4226 | D:6      | Reached XP level 9. HP: 54/64 MP: 9/9
  4231 | D:6      | Found a radiant altar of Vehumet.
  4475 | D:7      | Became a worshipper of Beogh the Shepherd
  4478 | D:7      | Reached skill level 8 in Maces & Flails
  4482 | D:7      | Found a staircase to the Ecumenical Temple.
  4687 | D:7      | Noticed a hornet
  4696 | D:7      | Paralysed by a hornet for 3 turns
  4704 | D:7      | Killed a hornet
  4773 | D:7      | Reached skill level 9 in Maces & Flails
  4829 | D:7      | Found a shimmering altar of Xom.
  4833 | D:7      | Found a shimmering altar of Xom.
  4833 | D:7      | Found a shimmering altar of Xom.
  4834 | D:7      | Noticed Jeremiah
  4835 | D:7      | Found a shimmering altar of Xom.
  4836 | D:7      | Found a shimmering altar of Xom.
  4838 | D:7      | Found a shimmering altar of Xom.
  4841 | D:7      | Found a shimmering altar of Xom.
  4852 | D:7      | Found a shimmering blue altar of Sif Muna.
  4967 | D:7      | Found a runed translucent door.
  4968 | D:7      | Noticed Crazy Yiuf
  5153 | D:8      | Reached * piety under Beogh
  5176 | D:8      | Identified the +0 robe "Ceis Fal" {Harm rN+++ Will-}
  5215 | D:8      | Noticed a hornet
  5223 | D:8      | Killed a hornet
  5550 | D:8      | Found a broken altar of Ashenzari.
  5813 | D:9      | Reached XP level 10. HP: 70/70 MP: 10/10
  5847 | D:9      | Reached skill level 10 in Maces & Flails
  5912 | D:9      | Found a staircase to the Orcish Mines.
  6114 | D:9      | Found a sacrificial altar of Ru.
  6159 | D:9      | Got the Disquisition on the Alembic
  6287 | D:9      | Found an ornate altar of the Wu Jian Council.
  6400 | D:10     | Entered Level 10 of the Dungeon
  6426 | D:10     | Noticed a two-headed ogre
  6434 | D:10     | Killed a two-headed ogre
  6487 | D:10     | Noticed a kobold demonologist
  6491 | D:10     | Killed a kobold demonologist
  6492 | D:10     | Reached skill level 11 in Maces & Flails
  6546 | D:10     | Noticed a gargoyle
  6558 | D:10     | Noticed a kobold demonologist
  6564 | D:10     | Noticed an orange demon
  6566 | D:10     | Killed a gargoyle
  6570 | D:10     | Killed a kobold demonologist
  6767 | D:10     | Found a staircase to the Lair.
  6975 | D:10     | Found a blossoming altar of Fedhas.
  6986 | D:10     | Noticed Urug
  6991 | D:10     | Noticed a two-headed ogre
  6992 | D:10     | Pacified Urug
  7257 | D:10     | Killed a two-headed ogre
  7258 | D:10     | Reached XP level 11. HP: 68/75 MP: 11/11
  7343 | D:10     | Reached skill level 12 in Maces & Flails
  7541 | Lair:1   | Entered Level 1 of the Lair of Beasts
  7553 | Lair:1   | Reached ** piety under Beogh
  7768 | Lair:1   | Reached skill level 1 in Invocations
  7871 | Lair:1   | Noticed Harold
  7883 | Lair:1   | Killed Harold
  8158 | Lair:1   | Reached skill level 5 in Fighting
  8158 | Lair:1   | Reached skill level 5 in Invocations
  8158 | Lair:1   | Reached XP level 12. HP: 86/86 MP: 14/16
  8906 | Lair:1   | Reached skill level 5 in Dodging
  9507 | Lair:2   | Found a staircase to the Snake Pit.
  9712 | Lair:2   | Reached XP level 13. HP: 88/92 MP: 17/17
  9856 | Lair:2   | Found a staircase to the Shoals.
  9892 | Lair:2   | Reached *** piety under Beogh
  9907 | Lair:2   | Identified the +1 robe of Greed {rCorr}
  9921 | Lair:2   | Anointed Urtork the wizard as your apostle
 10226 | Lair:2   | Noticed TheSexyCheese's ghost (journeyman OpFE)
 10300 | Lair:2   | Found a runed translucent gate.
 10309 | Lair:2   | Found a runed translucent gate.
 10310 | Lair:2   | Found a runed translucent gate.
 11218 | Lair:3   | Identified the +4 ring mail of Wrong Decisions {Rampage
                  | +Inv rC- rCorr}
 11245 | Lair:3   | Anointed Orgrim the priest as your apostle
 11730 | Lair:4   | Identified the staff of Rexuum {rF+ Int+6 Fire}
 11938 | Lair:4   | Reached skill level 10 in Dodging
 11959 | Lair:4   | Reached **** piety under Beogh
 12468 | Lair:5   | Entered Level 5 of the Lair of Beasts
 12746 | Lair:5   | Learned a level 2 spell: Blink
 12749 | Lair:5   | Learned a level 2 spell: Lesser Beckoning
 12937 | Lair:5   | Noticed a dire elephant
 12937 | Lair:5   | Noticed a dire elephant
 12938 | Lair:5   | Noticed a dire elephant
 12938 | Lair:5   | Noticed a dire elephant
 12946 | Lair:5   | Killed a dire elephant
 13033 | Lair:5   | Reached skill level 10 in Armour
 13070 | Lair:5   | Reached XP level 14. HP: 44/98 MP: 13/18
 13218 | Lair:5   | Acquired a tuning ramjet {RevParry, rC+ Slay+3}
 13686 | Lair:5   | Your ally Orgrim died
 13704 | Lair:5   | Killed a dire elephant
 13713 | Lair:5   | Killed a dire elephant
 13724 | Lair:5   | Killed a dire elephant
 14159 | Lair:5   | Found a staircase to the Slime Pits.
 14401 | D:11     | Anointed Oreg the priest as your apostle
 15366 | D:12     | Found a frozen archway.
 15375 | IceCv    | Entered an ice cave
 15958 | D:12     | Reached skill level 13 in Maces & Flails
 16283 | D:13     | Noticed Azrael
 16291 | D:13     | Your ally Urtork died
 16298 | D:13     | Reached ***** piety under Beogh
 16305 | D:13     | Killed Azrael
 17073 | D:13     | Reached XP level 15. HP: 82/103 MP: 19/19
 17296 | D:14     | Reached skill level 14 in Maces & Flails
 17304 | D:14     | Noticed Josephine
 17310 | D:14     | Your ally Oreg died
 17311 | D:14     | Killed Josephine
 17318 | D:14     | Your ally Urtork died
 17666 | D:14     | Reached skill level 1 in Evocations
 17671 | D:14     | Identified the +0 robe of the Pit {*Corrode rElec Str+5}
 17691 | D:14     | Anointed Arbolt the wizard as your apostle
 17785 | D:14     | Found a gate to the Vaults.
 17827 | D:14     | Reached skill level 5 in Evocations
 18091 | D:15     | Entered Level 15 of the Dungeon
 18356 | D:15     | Your ally Orgrim died
 18369 | D:15     | Reached skill level 10 in Evocations
 18427 | D:15     | Your ally Arbolt died
 19105 | D:15     | Found a staircase to the Depths.
 19186 | D:15     | Your ally Oreg died
 19778 | Shoals:1 | Entered Level 1 of the Shoals
 20262 | Shoals:1 | Noticed a kraken
 20288 | Shoals:1 | Killed a kraken
 20471 | Shoals:1 | Reached XP level 16. HP: 80/115 MP: 20/20
 20734 | Shoals:1 | Reached skill level 15 in Maces & Flails
 21188 | Shoals:1 | Noticed a kraken
 21196 | Shoals:1 | Killed a kraken
 21269 | Shoals:2 | Your ally Oreg died
 22017 | Shoals:2 | Anointed Horkud the wizard as your apostle
 22268 | Shoals:2 | Noticed Ilsuiw
 22277 | Shoals:2 | Reached skill level 16 in Maces & Flails
 22299 | Shoals:2 | Killed Ilsuiw
 22594 | Shoals:3 | Found Zavunaxt's Distillery.
 22598 | Shoals:3 | Bought a potion of haste for 140 gold pieces
 22598 | Shoals:3 | Bought a potion of heal wounds for 70 gold pieces
 22598 | Shoals:3 | Bought a potion of heal wounds for 70 gold pieces
 22598 | Shoals:3 | Bought 2 potions of curing for 84 gold pieces
 22598 | Shoals:3 | Bought a potion of curing for 42 gold pieces
 22718 | Shoals:3 | Found a transporter.
 22718 | Shoals:3 | Found Seiclu's Distillery.
 22752 | Shoals:3 | Identified a scroll of acquirement
 22753 | Shoals:3 | Found a transporter.
 22761 | Shoals:3 | Acquired a +6 eveningstar of holy wrath
 22845 | Shoals:3 | Found Yqon Pys's Jewellery Shop.
 22931 | Shoals:3 | Reached skill level 10 in Fighting
 22991 | Shoals:3 | Reached skill level 1 in Translocations
 23101 | Shoals:3 | Found Boikyeme's Book Shoppe.
 23580 | Shoals:4 | Entered Level 4 of the Shoals
 23967 | Shoals:4 | Reached skill level 5 in Translocations
 23967 | Shoals:4 | Reached XP level 17. HP: 119/128 MP: 22/22
 24067 | Shoals:4 | Your ally Orgrim died
 24083 | Shoals:4 | Got a barnacled rune of Zot
 24189 | Shoals:4 | Got the Directory of Grounded Blasts
 24434 | Shoals:4 | Your ally Arbolt died
 24664 | Shoals:4 | Noticed Polyphemus
 24680 | Shoals:4 | Killed Polyphemus
 24693 | Shoals:4 | Your ally Horkud died
 24839 | Shoals:4 | Found a transporter.
 24842 | Shoals:4 | Found a transporter.
 24843 | Shoals:4 | Noticed Palms's ghost (adept GnEE)
 24852 | Shoals:4 | Noticed a kraken
 24933 | Shoals:4 | Reached skill level 10 in Translocations
 25233 | Shoals:4 | Learned a level 4 spell: Maxwell's Portable Piledriver
 25238 | Shoals:4 | Learned a level 4 spell: Vhi's Electric Charge
 25471 | Orc:1    | Entered Level 1 of the Orcish Mines
 25887 | Orc:2    | Entered Level 2 of the Orcish Mines
 25887 | Orc:2    | Found a staircase to the Elven Halls.
 25943 | Orc:2    | Reached skill level 1 in Spellcasting
 26148 | Orc:2    | Found Plog's Weapon Shop.
 26148 | Orc:2    | Found Makuqila's Book Shoppe.
 26148 | Orc:2    | Found Isaagh's Magic Scroll Emporium.
 26151 | Orc:2    | Found Neigest's Weapon Boutique.
 26158 | Orc:2    | Bought a scroll of blinking for 97 gold pieces
 26615 | Orc:2    | Found a roughly hewn altar of Beogh.
 26877 | Snake:1  | Entered Level 1 of the Snake Pit
 26954 | Snake:1  | Identified the +3 long sword of Daem {holy, *Slow Int+4
                  | Dex+2}
 26965 | Snake:1  | Your ally Arbolt died
 26971 | Snake:1  | Anointed Ortolf the warrior as your apostle
 27224 | Snake:1  | Noticed Nikola
 27289 | Snake:1  | Your ally Horkud died
 27491 | Snake:1  | Noticed Asterion
 27498 | Snake:1  | HP: 6/128 [burnt (16)]
 27498 | Snake:1  | HP: 1/128 [Asterion/orb of electricity (6)]
 27498 | Snake:1  | Killed Asterion
 27854 | Snake:1  | Acquired a manual of Evocations
 27877 | Snake:1  | Noticed Rupert
 27882 | Snake:1  | Killed Rupert
 28005 | Snake:1  | Found a transporter.
 28007 | Snake:1  | Noticed a tentacled starspawn
 28245 | Snake:1  | Found a transporter.
 28250 | Snake:1  | Noticed Chish's ghost (adept HuIE)
 28264 | Snake:1  | Identified the serpent talisman of Divine Intervention
                  | {Str+3}
 28264 | Snake:1  | Noticed Aizul
 28285 | Snake:1  | Killed Aizul
 28735 | Snake:1  | Killed Nikola
 28798 | Snake:1  | Found a one-way gate to the infinite horrors of the Abyss.
 29266 | Snake:2  | Reached XP level 18. HP: 109/136 MP: 24/24
 29268 | Snake:2  | Your ally Ortolf died
 31268 | Snake:3  | Reached ****** piety under Beogh
 32209 | Snake:3  | Noticed Mlioglotl
 32221 | Snake:3  | Killed Mlioglotl
 32519 | Snake:3  | Your ally Ortolf died
 32520 | Snake:3  | Your ally Horkud died
 32530 | Snake:3  | Reached skill level 15 in Armour
 32580 | Snake:3  | Your ally Arbolt died
 32700 | Snake:3  | Anointed Worak the priest as your apostle
 33075 | Snake:4  | Entered Level 4 of the Snake Pit
 33362 | Snake:4  | Noticed Bai Suzhen
 33373 | Snake:4  | Killed Bai Suzhen
 33878 | Snake:4  | Your ally Worak died
 33906 | Snake:4  | Slain by a salamander

Illustrated notes

Levels and vault maps discovered:
D:1:      wander_arrival_desolate, layout_loops_cross, serial_shops, shop,
          ebering_ecumenical_altar_petrified
D:2:      layout_basic, serial_shops, shop, nicolae_shop_hallway_plus, shop,
          shop, shop, minmay_octomino_c4, uniq_robin, uniq_natasha
D:3:      layout_loops_cross, dk_noncrumbling_4
D:4:      layout_cave_pods, mainiacjoe_overflow_paths, serial_shops, shop,
          st_stairs_3, kennysheep_cross_room
D:5:      layout_gridville, nemelex_xobeh_ov_fountains_minmay, serial_shops,
          shop
D:6:      layout_loops_ring, vehumet_altar_wand_db, nrook_uturn,
          nicolae_shop_gadgets
D:7:      layout_rooms, led_sif_pool, xom_shifter_show,
          minmay_temple_entry_mist, uniq_crazy_yiuf_cottage, uniq_jeremiah
D:8:      layout_loops_ring, ashenzari_altar_1
D:9:      layout_loops_ring, pdpol_wu_jian_five_deadly_venoms, kennysheep_mini,
          david_orc_3, hangedman_decor_peaks_small
D:10:     kennysheep_blocky_hall, layout_loops_ring, kennysheep_little_box,
          dpeg_lair_monsters, nrook_pool_corridor, uniq_urug
D:11:     layout_roguey
D:12:     layout_roguey, portal_ice_cave_entry_pillars_1
D:13:     layout_irregular_city, uniq_azrael
D:14:     skrybe_chaotic_catacombs, layout_cave_pods,
          hellmonk_vaults_order_and_chaos, serial_shops,
          nicolae_shop_behind_doors, uniq_josephine
D:15:     grunt_enter_depths_snipers, layout_gridville, serial_bayou_pond_c
Lair:1:   layout_layer_cave, uniq_harold
Lair:2:   layout_roguey, elwin_shoals_entry_stream,
          nicolae_snake_entry_warm_welcome, gammafunk_ghost_icy
Lair:3:   layout_regular_city, gauntlet_entry_generic, dpeg_oklob_1
Lair:4:   layout_cave_shapes, lemuel_fruit_fields, infiniplex_staircase_pool_2
Lair:5:   due_jungle_book, layout_regular_city, dpeg_slime_entry_enclosed,
          chequers_serial_rivers_room_a
Shoals:1: layout_shoals, nicolae_shoals_nymph_descending_staircase
Shoals:2: layout_shoals, nicolae_shoals_seven_spires, uniq_ilsuiw
Shoals:3: layout_shoals, serial_shops, shop, nicolae_shop_drivethru,
          nicolae_shop_rolling_square, shop
Shoals:4: shoals_end_grunt_ice, layout_shoals, ebering_ghost_davey_jones,
          uniq_polyphemus
Snake:1:  layout_chambers, gammafunk_ghost_abyssal_escape, uniq_nikola,
          uniq_rupert, uniq_asterion, uniq_aizul
Snake:2:  layout_layer_cave
Snake:3:  layout_misc_corridors, nicolae_snake_boneroom, uniq_mlioglotl
Snake:4:  snake_pit, layout_rooms, nicolae_snake_salamander_zone, uniq_vashnia,
          uniq_bai_suzhen
Orc:1:    layout_diamond_mine, nicolae_orc_minecarts
Orc:2:    st_orc_rangers, layout_diamond_mine, basic_altar

Skill      XL: |  1  2  3  4  5  6  7  8  9 10 11 12 13 14 15 16 17 18 |
---------------+-------------------------------------------------------+-----
Throwing       | 2 |  2.1
Armour         | 1 2 3 5 6 8 9 10 13 14 15 | 15.4
Fighting       | 3 5 7 10 | 10.9
Maces & Flails | 2 4 6 7 9 11 12 13 14 16 | 16.0
Invocations    | 5 6 7 |  7.0
Dodging        | 6 11 13 | 13.1
Evocations     | 11 | 11.0
Translocations | 5 10 | 10.9
Spellcasting   | 4 |  4.5
Long Blades    | |  3.8

Action                     |  1- 3 |  4- 6 |  7- 9 | 10-12 | 13-15 | 16-18 || total
---------------------------+-------+-------+-------+-------+-------+-------++-------
  Melee: Long sword        |    89 |     2 |       |       |       |       ||    91
         Dagger            |    82 |       |       |       |       |       ||    82
         Mace              |     2 |    39 |    93 |   157 |   517 |   247 ||  1055
         Short sword       |       |     6 |       |       |       |       ||     6
         Morningstar       |       |    29 |   114 |   159 |   521 |   122 ||   945
         Eveningstar       |       |       |       |       |       |   517 ||   517
         Demon whip        |       |       |       |       |       |   292 ||   292
  Throw: Throwing net      |       |       |       |     8 |       |       ||     8
   Cast: Maxwell's Portabl |       |       |       |       |       |     7 ||     7
         Lesser Beckoning  |       |       |       |       |       |     2 ||     2
         Blink             |       |       |       |       |       |     2 ||     2
 Invoke: Convert to Beogh  |       |       |     1 |       |       |       ||     1
         Smiting           |       |       |       |       |    25 |    26 ||    51
         Recall Apostles   |       |       |       |       |     7 |    15 ||    22
         Recruit Apostle   |       |       |       |       |     4 |     3 ||     7
         Dismiss Apostle   |       |       |       |       |     1 |     3 ||     4
         Blood for Blood   |       |       |       |       |       |     1 ||     1
Ability: Invent Gizmo      |       |       |       |       |     1 |       ||     1
  Evoke: Wand              |       |       |       |       |     6 |    19 ||    25
    Use: Potion            |     1 |       |     3 |     1 |     6 |     8 ||    19
         Scroll            |       |       |       |     6 |    23 |    11 ||    40
   Stab: Held in net/web   |       |       |       |     9 |       |     2 ||    11
         Distracted        |       |       |       |       |    20 |    17 ||    37
         Invisible         |       |       |       |       |     1 |     3 ||     4
         Confused          |       |       |       |       |       |     3 ||     3
         Paralysed         |       |       |       |       |       |     7 ||     7
 Armour: Storm dragon scal |    92 |    68 |   143 |   185 |   715 |   802 ||  2005
         Leather armour    |     2 |       |       |       |       |       ||     2
  Dodge: Dodged            |    36 |    17 |    58 |    63 |   428 |   442 ||  1044

Table legend: (Time is in decaauts)
 A = Elapsed time spent in this place.
 B = Non-inter-level travel time spent in this place.
 C = Inter-level travel time spent in this place.
 D = Time resting spent in this place.
 E = Time spent auto-exploring this place.
 F = Levels seen in this place.
 G = Mean time per level.
                   A        B        C        D        E       F      G
               +--------+--------+--------+--------+--------+-----+--------+
         Total |  34111 |  32367 |   1744 |   7055 |  19255 |  31 | 1100.4 |
       Dungeon |  12858 |  11878 |    980 |   1318 |   8447 |  15 |  857.2 |
          Lair |   7010 |   6732 |    278 |    927 |   4675 |   5 | 1402.0 |
        Shoals |   5548 |   5384 |    164 |   2088 |   1933 |   4 | 1387.0 |
     Snake Pit |   6921 |   6670 |    251 |   2529 |   3071 |   4 | 1730.2 |
  Orcish Mines |   1272 |   1202 |     70 |     41 |    963 |   2 |  636.0 |
      Ice Cave |    501 |    501 |      0 |    151 |    166 |   1 |  501.0 |
               +--------+--------+--------+--------+--------+-----+--------+

Top non-repeatable levels by time:
 Snake:2: 2442 daAuts
 Snake:3: 2122 daAuts
 Snake:1: 1944 daAuts
  Lair:1: 1916 daAuts
  Lair:5: 1792 daAuts
Shoals:4: 1681 daAuts
    D:15: 1532 daAuts
Shoals:1: 1489 daAuts
Shoals:2: 1411 daAuts
  Lair:2: 1258 daAuts
  Lair:3: 1252 daAuts
    D:10: 1217 daAuts
    D:13: 1162 daAuts
     D:6: 999 daAuts
Shoals:3: 965 daAuts

Levels and vault maps discovered:
D:1:      wander_arrival_desolate, layout_loops_cross, serial_shops, shop,
          ebering_ecumenical_altar_petrified
D:2:      layout_basic, serial_shops, shop, nicolae_shop_hallway_plus, shop,
          shop, shop, minmay_octomino_c4, uniq_robin, uniq_natasha
D:3:      layout_loops_cross, dk_noncrumbling_4
D:4:      layout_cave_pods, mainiacjoe_overflow_paths, serial_shops, shop,
          st_stairs_3, kennysheep_cross_room
D:5:      layout_gridville, nemelex_xobeh_ov_fountains_minmay, serial_shops,
          shop
D:6:      layout_loops_ring, vehumet_altar_wand_db, nrook_uturn,
          nicolae_shop_gadgets
D:7:      layout_rooms, led_sif_pool, xom_shifter_show,
          minmay_temple_entry_mist, uniq_crazy_yiuf_cottage, uniq_jeremiah
D:8:      layout_loops_ring, ashenzari_altar_1
D:9:      layout_loops_ring, pdpol_wu_jian_five_deadly_venoms, kennysheep_mini,
          david_orc_3, hangedman_decor_peaks_small
D:10:     kennysheep_blocky_hall, layout_loops_ring, kennysheep_little_box,
          dpeg_lair_monsters, nrook_pool_corridor, uniq_urug
D:11:     layout_roguey
D:12:     layout_roguey, portal_ice_cave_entry_pillars_1
D:13:     layout_irregular_city, uniq_azrael
D:14:     skrybe_chaotic_catacombs, layout_cave_pods,
          hellmonk_vaults_order_and_chaos, serial_shops,
          nicolae_shop_behind_doors, uniq_josephine
D:15:     grunt_enter_depths_snipers, layout_gridville, serial_bayou_pond_c
Lair:1:   layout_layer_cave, uniq_harold
Lair:2:   layout_roguey, elwin_shoals_entry_stream,
          nicolae_snake_entry_warm_welcome, gammafunk_ghost_icy
Lair:3:   layout_regular_city, gauntlet_entry_generic, dpeg_oklob_1
Lair:4:   layout_cave_shapes, lemuel_fruit_fields, infiniplex_staircase_pool_2
Lair:5:   due_jungle_book, layout_regular_city, dpeg_slime_entry_enclosed,
          chequers_serial_rivers_room_a
Shoals:1: layout_shoals, nicolae_shoals_nymph_descending_staircase
Shoals:2: layout_shoals, nicolae_shoals_seven_spires, uniq_ilsuiw
Shoals:3: layout_shoals, serial_shops, shop, nicolae_shop_drivethru,
          nicolae_shop_rolling_square, shop
Shoals:4: shoals_end_grunt_ice, layout_shoals, ebering_ghost_davey_jones,
          uniq_polyphemus
Snake:1:  layout_chambers, gammafunk_ghost_abyssal_escape, uniq_nikola,
          uniq_rupert, uniq_asterion, uniq_aizul
Snake:2:  layout_layer_cave
Snake:3:  layout_misc_corridors, nicolae_snake_boneroom, uniq_mlioglotl
Snake:4:  snake_pit, layout_rooms, nicolae_snake_salamander_zone, uniq_vashnia,
          uniq_bai_suzhen
Orc:1:    layout_diamond_mine, nicolae_orc_minecarts
Orc:2:    st_orc_rangers, layout_diamond_mine, basic_altar

Table legend: (Time is in decaauts)
 A = Elapsed time spent in this place.
 B = Non-inter-level travel time spent in this place.
 C = Inter-level travel time spent in this place.
 D = Time resting spent in this place.
 E = Time spent auto-exploring this place.
 F = Levels seen in this place.
 G = Mean time per level.
                   A        B        C        D        E       F      G
               +--------+--------+--------+--------+--------+-----+--------+
         Total |  34111 |  32367 |   1744 |   7055 |  19255 |  31 | 1100.4 |
       Dungeon |  12858 |  11878 |    980 |   1318 |   8447 |  15 |  857.2 |
          Lair |   7010 |   6732 |    278 |    927 |   4675 |   5 | 1402.0 |
        Shoals |   5548 |   5384 |    164 |   2088 |   1933 |   4 | 1387.0 |
     Snake Pit |   6921 |   6670 |    251 |   2529 |   3071 |   4 | 1730.2 |
  Orcish Mines |   1272 |   1202 |     70 |     41 |    963 |   2 |  636.0 |
      Ice Cave |    501 |    501 |      0 |    151 |    166 |   1 |  501.0 |
               +--------+--------+--------+--------+--------+-----+--------+

Top non-repeatable levels by time:
 Snake:2: 2442 daAuts
 Snake:3: 2122 daAuts
 Snake:1: 1944 daAuts
  Lair:1: 1916 daAuts
  Lair:5: 1792 daAuts
Shoals:4: 1681 daAuts
    D:15: 1532 daAuts
Shoals:1: 1489 daAuts
Shoals:2: 1411 daAuts
  Lair:2: 1258 daAuts
  Lair:3: 1252 daAuts
    D:10: 1217 daAuts
    D:13: 1162 daAuts
     D:6: 999 daAuts
Shoals:3: 965 daAuts

Table legend:
 A = Kills in this place as a percentage of kills in the entire game.
 B = Kills by you in this place as a percentage of kills by you in the entire game.
 C = Kills by friends in this place as a percentage of kills by friends in the entire game.
 D = Other kills in this place as a percentage of other kills in the entire game.
 E = Experience gained in this place as a percentage of experience gained in the entire game.
 F = Experience gained in this place divided by the number of levels of this place that you have seen.
                   A       B       C       D       E      F
               +-------+-------+-------+-------+-------+----------------------
         Total | 100.0 | 100.0 | 100.0 | 100.0 | 100.0 | 9695.3
       Dungeon |  36.0 |  37.6 |  30.5 |   7.7 |  20.6 | 4125.9
          Lair |  16.8 |  17.6 |  13.0 |  15.4 |  14.7 | 8821.4
        Shoals |  19.9 |  16.6 |  35.1 |  38.5 |  30.3 | 22763.8
     Snake Pit |  19.4 |  19.1 |  19.1 |  38.5 |  31.3 | 23510.2
  Orcish Mines |   4.5 |   5.4 |   0.0 |   0.0 |   1.9 | 2818.0
      Ice Cave |   3.4 |   3.7 |   2.3 |   0.0 |   1.3 | 3825.0
               +-------+-------+-------+-------+-------+----------------------
